 Dungeon Crawl Stone Soup version 0.27.0-1-g7a089689b8 (webtiles) character file.

Game seed: 12018584987117687395

113 ZARRMARR the Digger (level 4, -3/35 (39) HPs)
             Began as a Troll Earth Elementalist on Aug 5, 2021.
             Slain by an orc (6 damage)
             ... on level 2 of the Dungeon.
             The game lasted 00:07:52 (1923 turns).

ZARRMARR the Digger (Troll Earth Elementalist)      Turns: 1923, Time: 00:07:53

HP:   -3/35 (39)    AC:  4    Str: 16    XL:     4   Next: 65%
MP:   6/6           EV:  9    Int: 12    God:
Gold: 39            SH:  0    Dex: 10    Spells: 6/7 levels left

rFire    . . .     SeeInvis .     - Unarmed
rCold    . . .     Faith    .   (no shield)
rNeg     . . .     Spirit   .   b - +0 robe
rPois    .         Reflect  .   (helmet restricted)
rElec    .         Harm     .   (no cloak)
rCorr    .         Rampage  .   (gloves unavailable)
Will     .....                  (boots unavailable)
Stlth    +.........             (no amulet)
HPRegen  1.11/turn              h - ring of wizardry
MPRegen  0.10/turn              (no ring)

@: confused, mighty, heavily drained
A: large, unfitting armour, claws 3, regeneration 1, shaggy fur 1, tough skin 1
a: no special abilities


You were on level 2 of the Dungeon.
You visited 1 branch of the dungeon, and saw 2 of its levels.

You collected 39 gold pieces.

Inventory:

Missiles
 c - 74 stones
Armour
 b - a +0 robe (worn)
Jewellery
 h - a ring of wizardry (left claw)
 k - a ring of fire
Scrolls
 a - 3 scrolls of identify {unknown}
 f - a scroll of silence {unknown}
 i - a scroll of magic mapping {unknown}
 j - a scroll of amnesia {unknown}
 l - a scroll of teleportation {unknown}
 m - a scroll of noise {unknown}
Potions
 g - 2 potions of curing


   Skills:
 + Level 0.1 Fighting
 + Level 1.7 Dodging
 + Level 1.2 Stealth
 + Level 1.5 Unarmed Combat
 + Level 2.0 Spellcasting
 + Level 0.6 Transmutations
 + Level 3.7 Earth Magic


You had 6 spell levels left.
You knew the following spells:

 Your Spells              Type           Power      Damage    Failure   Level
a - Sandblast             Erth           20%        2d7       2%          1

Your spell library contained the following spells:

 Spells                   Type           Power      Damage    Failure   Level
 Passwall                 Tmut/Erth      5%         N/A       7%          2
 Corpse Rot               Necr/Air       N/A        N/A       16%         2
 Ensorcelled Hibernation  Hex/Ice        2%         N/A       16%         2
 Poisonous Vapours        Pois/Air       2%         N/A       16%         2
 Stone Arrow              Conj/Erth      10%        3d7       16%         3
 Spider Form              Tmut/Pois      0%         N/A       28%         3
 Inner Flame              Hex/Fire       1%         N/A       32%         3
 Petrify                  Tmut/Erth      6%         N/A       41%         4
 Cause Fear               Hex            0%         N/A       69%         4
 Freezing Cloud           Conj/Ice/Air   0%         6-21      95%         5
 Shadow Creatures         Summ           N/A        N/A       100%        6
 Discord                  Hex            0%         N/A       100%        8


Dungeon Overview and Level Annotations

Branches:
Dungeon (2/15)

Altars:
Qazlal


Innate Abilities, Weirdness & Mutations

You are too large for most types of armour.
You have claws for hands.
Your natural rate of healing is unusually fast.
You are covered in fur. (AC +1)
You have tough skin. (AC +1)


Message History

The orc hits you from afar with a +0 trident!
* * * LOW HITPOINT WARNING * * *
The rat closely misses you. Something hits you but does no damage.
It was a potion of might.
You feel very mighty all of a sudden. The orc completely misses you.
The rat bites you but does no damage. Something hits you.
* * * LOW HITPOINT WARNING * * *
You barely miss something. The orc hits you but does no damage.
The rat closely misses you. Something hits you but does no damage.
You bump into the rock wall.
An orc wizard appears from thin air!
Reactivating autopickup.
The orc hits you from afar with a +0 trident.
* * * LOW HITPOINT WARNING * * *
The rat barely misses you. The orc wizard closely misses you.
You miss the orc wizard.
The orc wizard is moderately wounded.
The orc closely misses you. The rat bites you but does no damage.
The orc wizard points at you and mumbles some strange words.
The magic dart hits you.
* * * LOW HITPOINT WARNING * * *
You barely miss the orc wizard.
The orc wizard is moderately wounded.
The orc hits you from afar with a +0 trident.
* * * LOW HITPOINT WARNING * * *
The rat closely misses you.
You are too confused!
You bump into the rock wall.
You feel less confused. The orc wizard casts a spell at you.
You are confused.
The orc closely misses you. The rat bites you.
* * * LOW HITPOINT WARNING * * *
You bump into the rock wall.
The orc wizard barely misses you. The orc barely misses you.
The rat misses you.
You're too confused to move!
The orc wizard hits you with a +0 dagger.
* * * LOW HITPOINT WARNING * * *
The orc hits you from afar with a +0 trident.
You die...

###########....≈≈.....###
..........')...≈≈...[....
.#######.##...........###
#.#...≈....≈.(.#
#..............###
#.................
#####.#...............
##.#######..o#o##..............
......)..'..or@############....
##.#######..o######## #....
+...'......# #.###
#...######'#######.# #####
#.........#.# #.........#.#
#.........#.# ###......
#.........#.# #...[...
#.........#.#


You could see an orc wizard, 3 orcs and a rat.

Vanquished Creatures
  A howler monkey (D:2)
  3 adders (D:2)
  2 worms (D:2)
  A dart slug (D:1)
  An orc (D:2)
  6 ball pythons
  4 endoplasms
  2 goblins (D:2)
  4 hobgoblins
  3 jackals (D:2)
  A quokka (D:1)
  5 bats
  5 frilled lizards
  3 kobolds (D:1)
  2 rats (D:1)
43 creatures vanquished.

Vanquished Creatures (others)
  2 fungi (D:1)
  A plant (D:1)
3 creatures vanquished.

Grand Total: 46 creatures vanquished

Notes
Turn   | Place    | Note
-------+----------+-------------------------------------------
     0 | D:1      | ZARRMARR the Troll Earth Elementalist began the quest for
                  | the Orb.
     0 | D:1      | Reached XP level 1. HP: 16/16 MP: 1/1
   201 | D:1      | Reached skill level 3 in Earth Magic
   229 | D:1      | Reached XP level 2. HP: 24/24 MP: 3/3
   229 | D:1      | Found a faded altar of an unknown god.
  1146 | D:2      | Reached XP level 3. HP: 31/31 MP: 2/4
  1242 | D:2      | Found a stormy altar of Qazlal.
  1380 | D:2      | Reached skill level 1 in Unarmed Combat
  1380 | D:2      | Reached XP level 4. HP: 35/39 MP: 3/5
  1923 | D:2      | Slain by an orc

Illustrated notes

Levels and vault maps discovered:
D:1:      dpeg_arrival_shrine, layout_loops_corners,
          shapermc_ecumenical_altar_mp_urbaneastern
D:2:      layout_basic, basic_altar, grunt_ministairs_4, skrybe_limestone_x

Skill      XL: |  1  2  3  4 |
---------------+-------------+-----
Earth Magic    | 3 |  3.7
Unarmed Combat | 1 |  1.5
Spellcasting   | 2 |  2.0
Fighting       | |  0.1
Dodging        | |  1.7
Stealth        | |  1.2
Transmutations | |  0.6

Action                   |  1- 3 |  4- 6 || total
-------------------------+-------+-------++-------
Melee: Unarmed           |    66 |    61 ||   127
       Punch             |       |     1 ||     1
 Cast: Sandblast         |    25 |     4 ||    29
  Use: Potion            |       |     3 ||     3
 Stab: Sleeping          |     2 |       ||     2
Armor: Robe              |    16 |    30 ||    46
Dodge: Dodged            |    21 |    48 ||    69
